 Dungeon Crawl Stone Soup version 0.30-a0-739-gea05faddec (webtiles) character file.

Game seed: 286580000707828795

217 ASSMAN the Stinger (level 5, -5/35 HPs)
             Began as a Demonspawn Venom Mage on Feb 5, 2023.
             Slain by a bullfrog (6 damage)
             ... in a sewer.
             The game lasted 00:11:33 (3386 turns).

ASSMAN the Stinger (Demonspawn Venom Mage)          Turns: 3386, Time: 00:11:34

Health: -5/35      AC:  4    Str:  8    XL:     5   Next: 61%
Magic:  4/8        EV:  9    Int: 18    God:
Gold:   55         SH:  0    Dex: 14    Spells: 4/8 levels left

rFire   . . .      SeeInvis .    d - +0 dagger
rCold   . . .      Faith    .    (no shield)
rNeg    . . .      Spirit   .    a - +0 robe
rPois   .          Reflect  .    (helmet restricted)
rElec   .          Harm     .    (no cloak)
rCorr   .          Rampage  .    p - +1 pair of gloves
Will    .....                    (no boots)
Stlth   ++                       (no amulet)
HPRegen 0.25/turn                (no ring)
MPRegen 0.11/turn                (no ring)

@: brilliant, constricted
A: antennae 1, powered by death 1, demonic magic 1
a: no special abilities


You were in a sewer.
You visited 1 branch of the dungeon, and saw 3 of its levels.
You also visited: Sewer.

You collected 55 gold pieces.

Inventory:

Hand Weapons
 d - a +0 dagger (weapon)
Missiles
 h - a throwing net
 k - 3 poisoned darts
Armour
 a - a +0 robe (worn)
 p - a +1 pair of gloves (worn)
 s - the +0 plate armour of Morality {-Tele rN++ Will+ Int-3 Dex+2}
   (You found it on level 2 of the Dungeon)

   Int:       It affects your intelligence (-3).
   Dex:       It affects your dexterity (+2).
   rN:        It greatly protects you from negative energy.
   -Tele:     It prevents most forms of teleportation.
   Will:      It increases your willpower.
Jewellery
 q - an amulet of guardian spirit
Scrolls
 c - a scroll of identify
 e - a scroll of enchant armour
 j - a scroll of magic mapping {unknown}
 o - a scroll of amnesia
Potions
 b - 3 potions of magic
 f - a potion of heal wounds {unknown}
 l - a potion of mutation {unknown}
 r - a potion of brilliance
 u - a potion of berserk rage {unknown}


   Skills:
 - Level 1.7 Dodging
 - Level 1.7 Stealth
 - Level 2.0 Spellcasting
 - Level 0.8 Transmutations
 + Level 6.4 Poison Magic


You had 4 spell levels left.
You knew the following spells:

 Your Spells              Type           Power      Damage    Failure   Level
a - Sting                 Tmut/Pois      88%        1d7       4%          1
b - Magic Dart            Conj           8%         1d3       19%         1
c - Poisonous Vapours     Pois/Air       40%        N/A       8%          2

Your spell library contained the following spells:

 Spells                   Type           Power      Damage    Failure   Level
 Olgreb's Toxic Radiance  Pois           37%        N/A       13%         4
 Mephitic Cloud           Conj/Pois/Air  14%        N/A       22%         3
 Call Imp                 Summ           2%         N/A       26%         2
 Ozocubu's Armour         Ice            2%         N/A       47%         3
 Ozocubu's Refrigeration  Ice            1%         4d7       100%        7


Dungeon Overview and Level Annotations

Branches:
Dungeon (3/15)              Sewer (1/1)

Altars:

Shops:
D:2 ?(


Innate Abilities, Weirdness & Mutations

You have a pair of small antennae on your head.
You regenerate a little health from kills.
Spells you cast may paralyse adjacent enemies.


Message History

Aim: an adder (moderately wounded, poisoned, 53% to hit)
The sting hits the adder.
The adder looks even sicker.
The adder is heavily wounded.
Malevolent energies surge around you.
You feel sick.
The bullfrog is no longer paralysed.
The bullfrog hits you. The bullfrog closely misses you.
The ball python bites you but does no damage.
The ball python barely misses you. The adder misses you. The bullfrog hits you.
The bullfrog completely misses you.
Aiming: Sting (safe; 4% risk of failure)
Press: ? - help, Q - select action, (/) - cycle Shift-Dir - straight line, f/p - adder
Aim: an adder (heavily wounded, very poisoned, 53% to hit)
The sting misses the adder.
Malevolent energies surge around you.
You feel sick.
The ball python bites you but does no damage.
The ball python closely misses you. The adder closely misses you.
The bullfrog hits you.
* * * LOW HITPOINT WARNING * * *
The bullfrog hits you but does no damage.
The ball python closely misses you. The ball python grabs you.
The ball python constricts you.
* * * LOW HITPOINT WARNING * * *
The adder bites you.
* * * LOW HITPOINT WARNING * * *
You are more poisoned.
The adder poisons you!
You feel better. The bullfrog closely misses you. The bullfrog hits you.
* * * LOW HITPOINT WARNING * * *
The bullfrog barely misses you. The adder bites you but does no damage.
The ball python closely misses you. The ball python constricts you.
* * * LOW HITPOINT WARNING * * *
The bullfrog hits you.
* * * LOW HITPOINT WARNING * * *
Okay, then.
It was a potion of brilliance.
You feel clever all of a sudden. The bullfrog hits you.
* * * LOW HITPOINT WARNING * * *
The bullfrog hits you.
You die...

####################
#SF@#≈~≈≈~≈≈~~≈≈≈≈≈~
#..FSS~≈~≈≈~..~≈≈~≈≈≈
#.....~≈~~~#~≈≈~~~~~≈
#....~≈~~~~≈≈≈~≈~~~~~
#....~~~~≈~≈≈≈≈≈≈~≈≈≈
##...#~~≈≈≈≈≈≈≈≈≈≈≈≈~
#+##################
# #


You could see 2 bullfrogs, an adder (poisoned) and 2 ball pythons.

Vanquished Creatures
  Terence (D:2)
  6 adders
  5 river rats
  3 worms
  9 ball pythons
  2 bats
  7 endoplasms
  3 giant cockroaches (D:3)
  6 goblins
  4 hobgoblins
  11 jackals
  3 kobolds
  2 quokkas
  4 frilled lizards
  25 rats
91 creatures vanquished.

Notes
Turn   | Place    | Note
-------+----------+-------------------------------------------
     0 | D:1      | ASSMAN the Demonspawn Venom Mage began the quest for the
                  | Orb.
     0 | D:1      | Reached XP level 1. HP: 13/13 MP: 3/3
   318 | D:1      | Gained mutation: Spells you cast may paralyse adjacent
                  | enemies. [demonic ancestry]
   318 | D:1      | Reached XP level 2. HP: 19/19 MP: 0/5
   562 | D:1      | Reached skill level 4 in Poison Magic
   721 | D:1      | Gained mutation: You regenerate a little health from kills.
                  | [demonic ancestry]
   721 | D:1      | Reached XP level 3. HP: 24/24 MP: 2/6
   893 | D:1      | Found a faded altar of an unknown god.
  1090 | D:2      | Found Poicwoxen's Antique Weapon Boutique.
  1449 | D:2      | Found Eroutej's Antique Weapon Emporium.
  1522 | D:2      | Found Ziacauda's Magic Scroll Shop.
  1525 | D:2      | Learned a level 1 spell: Magic Dart
  1528 | D:2      | Learned a level 2 spell: Poisonous Vapours
  1851 | D:2      | Identified the +0 plate armour of Morality {-Tele rN++
                  | Will+ Int-3 Dex+2}
  2242 | D:3      | Noticed Terence
  2429 | D:2      | Killed Terence
  2430 | D:2      | Reached skill level 5 in Poison Magic
  2430 | D:2      | Gained mutation: You have a pair of small antennae on your
                  | head. [demonic ancestry]
  2430 | D:2      | Reached XP level 4. HP: 17/30 MP: 1/7
  2774 | D:3      | Found a glowing drain.
  2778 | Sewer    | Entered a sewer
  2853 | Sewer    | Reached XP level 5. HP: 35/35 MP: 4/8
  3014 | Sewer    | Reached skill level 6 in Poison Magic
  3386 | Sewer    | HP: 1/35 [bullfrog (4)]
  3386 | Sewer    | Slain by a bullfrog

Illustrated notes

Levels and vault maps discovered:
D:1:      dpeg_arrival_central, layout_rooms, chequers_ecumenical_altar_simple,
          minmay_lizard_pond
D:2:      layout_basic, serial_shops, shop, nicolae_shop_stone, shop
D:3:      layout_rooms, gup_sewer_entry_spiral, uniq_terence
Sewer:    sewer_minmay_w

Skill      XL: |  1  2  3  4  5 |
---------------+----------------+-----
Poison Magic   | 4 5 6 |  6.4
Dodging        | |  1.7
Stealth        | |  1.7
Spellcasting   | |  2.0
Transmutations | |  0.8

Action                     |  1- 3 |  4- 6 || total
---------------------------+-------+-------++-------
  Melee: Dagger            |    47 |    74 ||   121
         Unarmed           |     4 |       ||     4
         Punch             |       |     1 ||     1
   Cast: Sting             |    54 |    69 ||   123
    Use: Scroll            |     8 |     2 ||    10
         Potion            |       |     4 ||     4
   Stab: Paralysed         |    15 |    24 ||    39
         Sleeping          |     3 |     2 ||     5
 Armour: Robe              |     8 |    29 ||    37
         Skin              |       |    59 ||    59
  Dodge: Dodged            |    46 |    52 ||    98

Table legend: (Time is in decaauts)
 A = Elapsed time spent in this place.
 B = Non-inter-level travel time spent in this place.
 C = Inter-level travel time spent in this place.
 D = Time resting spent in this place.
 E = Time spent auto-exploring this place.
 F = Levels seen in this place.
 G = Mean time per level.
                   A        B        C        D        E       F      G
               +--------+--------+--------+--------+--------+-----+--------+
         Total |   3443 |   3298 |    145 |    384 |   2295 |   4 |  860.8 |
       Dungeon |   2799 |   2654 |    145 |    166 |   2020 |   3 |  933.0 |
         Sewer |    643 |    643 |      0 |    218 |    275 |   1 |  643.0 |
               +--------+--------+--------+--------+--------+-----+--------+

Top non-repeatable levels by time:
     D:2: 1346 daAuts
     D:1: 1084 daAuts
   Sewer: 643 daAuts
     D:3: 368 daAuts
